Map: Cactus Valley LE

Players

TRUE

  • Race: Zerg Zerg
  • Spawn Location: 11:00

PiLiPiLi - Winner!

  • Race: Protoss Protoss
  • Spawn Location: 5:00

Event: IEM XI Katowice - World Championship 2017

VOD

Have the link to the VOD?

Description

Time

  • Played on: March 3, 2017, 6:03 a.m.
  • Length: 16:53

All games in this series

Show
View Real Time Build Order
Export as new Build Order

TRUE Zerg 

Build Orders: Hatch First 

Get SALT Encoding   

  12  0:00  Drone  
  13  0:13  Overlord  
  13  0:17  Drone  
  14  0:32  Drone x2  
  16  0:36  Drone  
  17  0:52  Hatchery  
  17  0:55  Drone  
  17  1:08  Spawning Pool  
  16  1:11  Extractor  
  16  1:14  Drone  
  16  1:18  Drone  
  17  1:22  Drone  
  18  1:30  Drone  
  19  1:40  Overlord  
  19  1:55  Queen  
  19  1:56  Zergling x2  
  22  2:02  Zergling x2  
  22  2:03  Queen  
  22  2:08  Zergling x2  
  26  2:12  Metabolic Boost  
  26  2:13  Drone  
  27  2:17  Drone  
  29  2:22  Drone  
  29  2:39  Zergling x2  
  29  2:40  Zergling x4  
  32  2:46  Overlord  
  32  2:50  Zergling x2  
  33  2:55  Zergling x2  
  33  3:09  Spore Crawler  
  33  3:12  Drone x2  
  32  3:13  Drone x5  
  32  3:14  Drone  
  32  3:19  Drone  
  39  3:22  Drone  
  37  3:28  Drone  
  37  3:31  Drone  
  37  3:39  Drone  
  38  3:43  Drone  
  39  3:52  Drone  
  39  3:53  Hatchery, Drone  
  40  4:03  Baneling Nest  
  40  4:10  Drone x4  
  40  4:15  Overlord  
  43  4:19  Overlord  
  43  4:33  Zergling x2, Queen  
  43  4:34  Zergling x10  
  43  4:38  Zergling x4  
  53  4:43  Zergling x6  
  53  4:45  Zergling x2  
  57  4:49  Zergling x2  
  58  4:56  Baneling x5  
  58  4:57  Baneling  
  58  5:12  Drone x8  
  66  5:20  Overlord  
  66  5:22  Overlord  
  66  5:25  Overlord  
  65  5:35  Overlord  
  65  5:42  Zergling x2  
  66  5:43  Zergling x16, Extractor  
  66  5:46  Zergling x2  
  66  5:48  Zergling x2  
  74  5:54  Zergling x2  
  74  5:56  Zergling x6, Roach Warren  
  77  5:58  Zergling x8  
  77  6:02  Zergling x2  
  82  6:13  Zergling x12  
  82  6:17  Zergling x2  
  88  6:25  Zergling x2  
  88  6:27  Zergling x6  
  88  6:30  Zergling x4  
  83  6:45  Drone  
  83  6:46  Drone x5  
  79  6:47  Baneling x8  
  79  6:48  Zergling x2  
  79  6:53  Zergling x2  
  75  6:55  Zergling x2  
  75  6:57  Zergling x2  
  75  6:58  Queen  
  75  7:00  Zergling x2  
  80  7:05  Zergling x2  
  80  7:08  Zergling x2  
  80  7:10  Baneling x6  
  80  7:11  Zergling x2  
  80  7:21  Zergling x4  
  72  7:23  Zergling x2  
  72  7:24  Queen x2  
  72  7:26  Zergling x6  
  72  7:27  Zergling x6  
  76  7:30  Zergling x2  
  76  7:32  Zergling x2  
  76  7:34  Queen  
  76  7:36  Zergling x2  
  79  7:40  Zergling x4  
  79  7:44  Zergling x2  
  79  7:45  Evolution Chamber  
  79  7:52  Drone x2  
  79  7:54  Drone x3  
  84  7:59  Drone  
  84  8:00  Spore Crawler  
  84  8:02  Spore Crawler, Queen x2  
  87  8:05  Drone  
  87  8:06  Drone  
  87  8:07  Drone  
  87  8:11  Zerg Melee Weapons Level 1  
  90  8:15  Baneling x4  
  90  8:16  Drone  
  91  8:22  Baneling x2  
  91  8:24  Overlord  
  91  8:25  Overlord x2  
  91  8:33  Overlord x2  
  91  8:36  Baneling  
  91  8:37  Baneling x7  
  81  8:49  Drone  
  78  8:58  Zergling x26  
  78  9:02  Zergling x2  
  82  9:06  Zergling x4  
  82  9:09  Zergling x2  
  77  9:11  Zergling x2  
  77  9:12  Zergling x4  
  77  9:13  Zergling x6  
  77  9:16  Zergling x2  
  77  9:17  Zergling x2  
  83  9:20  Drone x2  
  83  9:21  Drone  
  83  9:23  Drone  
  86  9:27  Drone x2  
  78  9:51  Zergling x4  
  74  9:52  Zergling x4  
  74  9:53  Zergling x2  
  70  10:01  Hatchery  
  70  10:02  Zergling x10  
  70  10:03  Overlord x2  
  74  10:10  Baneling x4  
  74  10:11  Spore Crawler  
  65  10:16  Zergling x18  
  65  10:20  Zergling x2  
  64  10:24  Zergling x4  
  65  10:29  Zergling x4  
  65  10:32  Baneling x7  
  65  10:41  Zergling x2  
  65  10:42  Zergling x14  
  68  10:43  Zergling x2  
  68  10:48  Zergling x4  
  70  10:54  Zergling x6  
  66  11:00  Drone  
  66  11:01  Drone x3  
  67  11:04  Zerg Missile Weapons Level 1  
  67  11:10  Baneling x7  
  67  11:13  Drone  
  67  11:15  Drone  
  69  11:20  Spore Crawler  
  68  11:27  Spore Crawler  
  63  11:38  Drone x2  
  65  11:45  Drone x6  
  65  11:46  Queen  
  71  11:51  Baneling x9  
  73  11:54  Overlord x2  
  73  12:00  Overlord x2  
  61  12:17  Overlord x4  
  61  12:21  Drone x3  
  63  12:34  Queen  
  63  12:35  Overlord  
  63  12:36  Drone  
  67  12:37  Zergling x6  
  67  12:38  Hatchery  
  67  12:39  Zergling x2  
  67  12:40  Zergling x2  
  67  12:43  Zergling x2  
  65  13:00  Queen x3  
  65  13:01  Drone x2  
  73  13:11  Baneling x2  
  66  13:14  Baneling x4  
  66  13:19  Drone  
  69  13:20  Drone x2  
  69  13:23  Drone x2  
  69  13:25  Spore Crawler, Zergling x20  
  80  13:28  Zergling x4  
  80  13:33  Zerg Ground Armor Level 1  
  82  13:39  Drone x2  
  81  13:49  Drone  
  81  13:51  Drone  
  83  14:02  Drone x3  
  86  14:05  Spore Crawler  
  86  14:08  Lair, Spore Crawler  
  86  14:09  Drone x4  
  91  14:10  Drone x3  
  91  14:11  Drone  
  91  14:17  Drone  
  91  14:29  Spore Crawler x2  
  87  14:31  Spore Crawler  
  87  14:32  Hatchery, Drone x3  
  84  14:40  Drone x7  
  84  14:42  Drone x2  
  84  14:44  Spore Crawler, Overlord  
  84  14:45  Overlord x2  
  92  14:47  Overlord  
  92  14:50  Overlord  
  92  14:51  Baneling x2  
  86  14:59  Drone x3  
  89  15:03  Drone x3  
  89  15:06  Drone  
  89  15:07  Drone x2  
  86  15:09  Hatchery, Infestation Pit  
  86  15:11  Drone x2  
  86  15:12  Extractor  
  85  15:18  Drone x4  
  85  15:20  Drone x3  
  92  15:21  Drone  
  92  15:33  Drone  
  92  15:34  Drone x6  
  92  15:35  Drone  
  100  15:42  Hatchery  
  100  15:45  Zergling x2  
  100  15:46  Zergling x12  
  100  15:49  Spore Crawler x2  
  105  15:52  Spore Crawler  
  105  15:54  Zergling x2  
  105  15:57  Zergling x2  
  104  16:02  Zergling x2  
  104  16:03  Zergling x6  
  106  16:04  Baneling x2  
  106  16:05  Zergling x2  
  106  16:08  Baneling  
  106  16:09  Zergling x4, Baneling x7  
  104  16:12  Spore Crawler, Baneling x2  
  99  16:21  Zergling x4  
  99  16:22  Zergling x2  
  99  16:24  Spore Crawler  
  86  16:27  Baneling x2  
  86  16:28  Zergling x2, Baneling x2  
  86  16:29  Zergling x8  
  86  16:33  Zergling x10  
  86  16:35  Zergling x4  
Show
View Real Time Build Order
Export as new Build Order

PiLiPiLi Protoss - Winner!

Build Orders:  

Get SALT Encoding   

  12  0:00  Probe (Chrono Boost)  
  13  0:11  Probe (Chrono Boost)  
  14  0:20  Pylon  
  14  0:23  Probe (Chrono Boost)  
  15  0:38  Probe (Chrono Boost)  
  15  0:39  Gateway  
  16  0:46  Assimilator  
  16  0:49  Probe (Chrono Boost)  
  17  0:59  Probe (Chrono Boost)  
  18  1:09  Gateway  
  18  1:10  Probe (Chrono Boost)  
  19  1:20  Probe (Chrono Boost)  
  20  1:27  Cybernetics Core  
  20  1:31  Probe (Chrono Boost)  
  20  1:32  Pylon  
  21  1:54  Nexus  
  21  2:02  Adept x2  
  25  2:11  Warp Gate, Probe (Chrono Boost)  
  26  2:16  Assimilator  
  27  2:23  Probe (Chrono Boost)  
  27  2:34  Pylon  
  27  2:35  Probe (Chrono Boost)  
  28  2:40  Adept  
  30  2:48  Probe (Chrono Boost)  
  31  2:53  Stalker  
  34  3:00  Probe (Chrono Boost)  
  34  3:12  Probe x2 (Chrono Boost)  
  36  3:20  Adept  
  36  3:24  Probe (Chrono Boost)  
  36  3:26  Twilight Council, Probe (Chrono Boost)  
  36  3:36  Probe (Chrono Boost)  
  36  3:38  Adept  
  36  3:39  Mothership Core (Chrono Boost)  
  41  3:48  Probe (Chrono Boost)  
  42  3:49  Gateway  
  42  3:52  Resonating Glaives  
  42  3:57  Probe (Chrono Boost)  
  42  3:59  Pylon  
  42  4:00  Probe (Chrono Boost)  
  44  4:08  Probe (Chrono Boost)  
  45  4:12  Probe (Chrono Boost)  
  46  4:18  Probe (Chrono Boost)  
  46  4:20  Adept  
  46  4:22  Pylon, Adept  
  52  4:24  Probe (Chrono Boost)  
  52  4:26  Assimilator  
  52  4:29  Probe (Chrono Boost)  
  52  4:30  Assimilator  
  53  4:36  Probe (Chrono Boost)  
  54  4:39  Probe (Chrono Boost)  
  55  4:48  Probe (Chrono Boost)  
  55  4:50  Probe (Chrono Boost)  
  57  5:00  Adept  
  57  5:01  Stargate, Adept x2  
  57  5:02  Probe (Chrono Boost)  
  57  5:03  Stargate  
  57  5:04  Probe (Chrono Boost)  
  65  5:13  Pylon  
  65  5:14  Protoss Air Weapons Level 1, Probe (Chrono Boost)  
  66  5:25  Adept x2  
  66  5:27  Pylon  
  70  5:31  Probe (Chrono Boost)  
  70  5:33  Probe (Chrono Boost)  
  72  5:36  Adept  
  72  5:38  Pylon  
  72  5:42  Pylon, Phoenix x2  
  75  5:43  Probe (Chrono Boost)  
  79  5:56  Probe (Chrono Boost)  
  80  5:57  Nexus  
  80  6:04  Phoenix x2  
  84  6:15  Adept  
  84  6:16  Adept x2  
  90  6:26  Phoenix x2  
  94  6:45  Adept x3  
  90  6:47  Phoenix x2  
  84  7:04  Probe x2 (Chrono Boost)  
  84  7:07  Oracle  
  84  7:13  Sentry  
  84  7:15  Adept x2  
  88  7:26  Gateway x2  
  80  7:40  Phoenix x2  
  84  7:52  Gateway x2  
  84  7:56  Pylon  
  84  7:57  Pylon  
  84  7:59  Adept  
  86  8:10  Phoenix x2  
  86  8:14  Nexus  
  86  8:16  Pylon, Adept x2  
  86  8:17  Pylon  
  94  8:32  Phoenix x2  
  98  8:42  Adept x3  
  98  9:05  Adept x2  
  89  9:12  Probe (Chrono Boost)  
  89  9:14  Probe (Chrono Boost)  
  89  9:15  Phoenix x2  
  87  9:21  Pylon, Adept, Fleet Beacon  
  87  9:23  Adept x3  
  100  9:24  Pylon, Probe (Chrono Boost)  
  100  9:27  Pylon, Probe (Chrono Boost)  
  101  9:36  Probe (Chrono Boost)  
  101  9:37  Adept x2  
  107  9:39  Probe (Chrono Boost)  
  107  9:43  Adept x2  
  105  9:46  Adept x2  
  105  9:48  Probe x2 (Chrono Boost)  
  105  9:51  Probe (Chrono Boost)  
  110  9:54  Carrier  
  110  9:57  Pylon  
  110  9:58  Pylon  
  109  10:00  Probe x2 (Chrono Boost)  
  109  10:03  Probe (Chrono Boost)  
  117  10:21  Adept x3, Sentry x2  
  123  10:31  Sentry  
  127  10:36  Probe x2 (Chrono Boost)  
  127  10:43  Probe (Chrono Boost)  
  127  10:46  Adept x2  
  127  10:47  Adept x2  
  136  10:56  Adept x2, Probe (Chrono Boost)  
  135  11:02  Pylon  
  135  11:06  Carrier  
  135  11:07  Assimilator  
  135  11:08  Assimilator  
  135  11:10  Pylon  
  141  11:23  Graviton Catapult  
  135  11:34  Carrier  
  135  11:36  Adept x3  
  147  11:47  Zealot  
  147  11:58  Pylon  
  147  11:59  Pylon  
  143  12:04  Adept x2  
  143  12:05  Adept x2  
  141  12:17  Assimilator  
  141  12:20  Carrier  
  141  12:32  Forge  
  141  12:34  Pylon  
  141  12:36  Pylon  
  147  12:49  Carrier  
  153  13:06  Pylon  
  153  13:08  Pylon  
  151  13:22  Nexus  
  151  13:23  Pylon  
  151  13:33  Stargate  
  151  13:35  Carrier  
  143  13:41  Dark Shrine  
  143  13:42  Photon Cannon  
  149  14:03  Carrier  
  149  14:05  Assimilator, Photon Cannon  
  149  14:11  Sentry  
  149  14:12  Sentry x2  
  161  14:18  Carrier  
  165  14:49  Carrier  
  169  15:16  Assimilator, Pylon  
  169  15:18  Carrier  
  169  15:19  Adept x6  
  181  15:23  Photon Cannon  
  181  15:29  Photon Cannon  
  193  15:52  Adept x3  
  188  16:09  Adept x2  
  172  16:22  Adept x4  
  178  16:29  Probe (Chrono Boost)  
  185  16:35  Adept x2  

Tags
 
Add a new tag
Caveats
  • Supply blocks, unpowered buildings, or Contaminate may cause inaccurate times.
  • Supply counts are checked every 10 seconds.